 Dungeon Crawl Stone Soup version 0.31-a0-149-g3fdcc5976a (webtiles) character file.

Game seed: 13406844545939304136

5 comborobin the Sneak (level 1, -1/13 HPs)
             Began as a Deep Elf Delver on June 7, 2023.
             Slain by a killer bee (7 damage)
             ... on level 7 of the Dungeon.
             The game lasted 00:00:17 (98 turns).

comborobin the Sneak (Deep Elf Delver)                Turns: 98, Time: 00:00:17

Health: -1/13      AC:  3    Str:  9    XL:     1   Next: 66%
Magic:  3/3        EV: 12    Int: 14    God:
Gold:   12         SH:  0    Dex: 16    Spells: 0/0 levels left

rFire   . . .        a - +0 short sword
rCold   . . .        (no shield)
rNeg    . . .        b - +0 leather armour
rPois   .            (no helmet)
rElec   .            (no cloak)
rCorr   .            (no gloves)
SInv    .            (no boots)
Will    .....        (no amulet)
Stlth   +++          (no ring)
HPRegen 0.22/turn    (no ring)
MPRegen 0.08/turn

%: no passive effects
@: no status effects
A: no striking features
a: no special abilities


You were on level 7 of the Dungeon.
You visited 1 branch of the dungeon, and saw 3 of its levels.

You collected 12 gold pieces.

Inventory:

Hand Weapons
 a - a +0 short sword (weapon)
Armour
 b - a +0 leather armour (worn)
Wands
 g - a wand of digging (3)
Scrolls
 c - a scroll of fog
 d - a scroll of magic mapping
 e - a scroll of fear
 h - a scroll of torment {unknown}
Potions
 f - a potion of haste


   Skills:
 + Level 2.5 Fighting
 + Level 2.1 Short Blades
 + Level 2.6 Dodging
 + Level 6.1 Stealth


You couldn't memorise any spells.
You didn't know any spells.
Your spell library contained the following spells:

 Spells                   Type           Power      Damage    Failure   Level
 Cigotuvi's Dreadful Rot  Necr/Pois/Air  0%         N/A       52%         2
 Animate Dead             Necr           0%         N/A       99%         4
 Leda's Liquefaction      Hex/Erth       0%         N/A       99%         4
 Lehudib's Crystal Spear  Conj/Erth      0%         10d2      100%        8


Dungeon Overview and Level Annotations

Branches:
Dungeon (7/15)
 Temple: D:4-7

Altars:


Message History

A shadow imp comes into view.
The shadow imp shouts!
You see here a scroll labelled OFEYFU TOUSSUN.
h - a scroll labelled OFEYFU TOUSSUN The shadow imp gestures at you.
Pain shoots through your body!
The shadow imp lashes its tail.
There is a stone staircase leading down here.
You climb downwards.
There is a stone staircase leading up here.
The helpless ufetubus fails to defend itself.
You impale the ufetubus!!
You kill the ufetubus!
You start resting.
HP restored.
There is a stone staircase leading up here.
Found a stone staircase leading down.
You now have 12 gold pieces.
You pick up the Almanac of Charnel Stones and begin reading...
You add the spells Cigotuvi's Dreadful Rot, Leda's Liquefaction, Animate Dead and Lehudib's Crystal Spear to your library.
A sleepcap comes into view.
Unknown command.
Okay, then.
Unknown command.
A sleepcap is nearby!
You can't go down here!
There is a stone staircase leading down here.
You climb downwards.
Found three items.
There is a stone staircase leading up here. 2 killer bees come into view.
A bullfrog comes into view.
The killer bee buzzes angrily. x2
A killer bee comes into view.
You see here a scroll labelled YPECEU YKLAR.
The killer bee attacks as you move away!
The killer bee stings you!
Ouch! That really hurt!
The killer bee stings you!
Ouch! That really hurt!
You die...

.. .. .# ###.#
...####..
#.......! .##
##<## .
.....###...#....
.....y.y@..?.#
....y###.....#
... ##.#..# .
#.#.....
#.##.##. ... ..
#. .F ..


You could see 3 killer bees.

Vanquished Creatures
  An ufetubus (D:6)
1 creature vanquished.

Notes
Turn   | Place    | Note
-------+----------+-------------------------------------------
     0 | D:5      | comborobin the Deep Elf Delver began the quest for the Orb.
     0 | D:5      | Reached XP level 1. HP: 13/13 MP: 3/3
    77 | D:6      | Got the Almanac of Charnel Stones
    77 | D:6      | Noticed a sleepcap
    96 | D:7      | Noticed a killer bee
    96 | D:7      | Noticed a killer bee
    96 | D:7      | Noticed a bullfrog
    97 | D:7      | Noticed a killer bee
    98 | D:7      | Slain by a killer bee

Illustrated notes

Levels and vault maps discovered:
D:5:      layout_basic, lemuel_round_altar, fedhas_altar_2, old_standard_altar
D:6:      layout_basic, serial_shops, shop, grunt_decor_junction,
          uniq_crazy_yiuf_cottage, uniq_prince_ribbit1
D:7:      layout_loops_ring, lemuel_zombie_altar_kikubaaqudgha, serial_shops,
          shop_fountains

Action                     || total
---------------------------++-------
  Melee: Short sword       ||     1
   Stab: Sleeping          ||     1

Table legend: (Time is in decaauts)
 A = Elapsed time spent in this place.
 B = Non-inter-level travel time spent in this place.
 C = Inter-level travel time spent in this place.
 D = Time resting spent in this place.
 E = Time spent auto-exploring this place.
 F = Levels seen in this place.
 G = Mean time per level.
                   A        B        C        D        E       F      G
               +--------+--------+--------+--------+--------+-----+--------+
         Total |     97 |     91 |      6 |     17 |     40 |   3 |   32.3 |
       Dungeon |     97 |     91 |      6 |     17 |     40 |   3 |   32.3 |
               +--------+--------+--------+--------+--------+-----+--------+

Top non-repeatable levels by time:
     D:6: 81 daAuts
     D:5: 13 daAuts
     D:7: 2 daAuts
